AoeStats
← Toker505

Arena

510664136Analyzed
1v1 RM · 13h ago on Oct 2, 2026· 69m 14s· 2 players
Game mode
Random Map
Map size
Tiny (2 player)
Population
200
Speed
Normal
Resources
Standard
Victory
Conquest
Starting age
Dark Age
Ending age
Imperial Age
RankedLock teamsTeams togetherTeam positionsShared explorationLock speedFull tech treeHidden civsTurbo modeCheats
Victory
Defeat
🇺🇸 Portuguese · United States
928
+17
🇺🇸 Tupi · United States
949
-17
jensen0james
10:59 Feudal Age
9:15 Loom
12:10 Double-Bit Axe
14:48 Castle Age
14:03 Horse Collar
15:58 Bow Saw
24:01 Gold Mining
24:55 Wheelbarrow
24:25 Stone Mining
26:43 Stone Shaft Mining
27:10 Heavy Plow
33:38 Imperial Age
32:39 Hand Cart
32:10 Town Watch
32:31 Fletching
33:37 Fortified Wall
33:32 Bodkin Arrow
34:19 Bracer
35:28 Chemistry
35:22 Ballistics
35:00 Murder Holes
38:13 Masonry
38:10 Siege Engineers
38:28 Elite Organ Gun
39:11 Arquebus
41:37 Architecture
40:48 Treadmill Crane
41:34 Guilds
42:50 Elite Organ Gun
43:52 Conscription
50:26 Town Patrol
56:00 Bombard Tower
Toker505
9:49 Feudal Age
14:38 Castle Age
14:54 Double-Bit Axe
16:10 Horse Collar
16:18 Loom
21:19 Gold Mining
23:30 Loom
25:57 Wheelbarrow
25:15 Town Watch
29:47 Imperial Age
29:30 Hand Cart
30:19 Ballistics
31:37 Gold Shaft Mining
32:17 Chemistry
31:54 Conscription
32:47 Forging
32:38 Scale Mail Armor
32:28 Fletching
32:38 Padded Archer Armor
32:43 Heavy Plow
32:57 Bow Saw
32:43 Pikeman
33:23 Squires
33:08 Arson
34:31 Iron Casting
34:00 Town Patrol
33:40 Halberdier
35:51 Chain Mail Armor
35:33 Bodkin Arrow
35:54 Leather Archer Armor
36:35 Curare
38:07 Plate Mail Armor
38:15 Bracer
37:52 Elite Blackwood Archer
40:50 Onager
42:30 Ring Archer Armor
60:40 Champi Runner
62:54 Caciques
67:14 Champi Warrior
68:30 Elite Champi Warrior
Connection lost

Rejoining the realm…

Still unreachable

The connection could not be restored.

Session expired

The server has moved on; the page needs a fresh start.